 Dungeon Crawl Stone Soup version 0.24-a0-584-g9d6b971 (webtiles) character file.

Game seed: 13956374125676088054, levelgen mode: deterministic

191 DocClef the Skirmisher (level 5, -5/44 HPs)
             Began as a Demonspawn Gladiator on Aug 29, 2019.
             Slain by an iguana (10 damage)
             ... on level 4 of the Dungeon.
             The game lasted 00:03:53 (3012 turns).

DocClef the Skirmisher (Demonspawn Gladiator)       Turns: 3012, Time: 00:03:53

Health: -5/44      AC:  5    Str: 16    XL:     5   Next: 42%
Magic:  5/5        EV: 13    Int:  9    God:
Gold:   141        SH:  0    Dex: 14    Spells: 4/4 levels left

rFire    . . .     SeeInvis +   a - +0 flail
rCold    . . .     Gourm    .   (no shield)
rNeg     . . .     Faith    .   h - +0 ring mail
rPois    .         Spirit   .   (helmet restricted)
rElec    .         Reflect  .   (no cloak)
rCorr    .         Harm     .   (no gloves)
MR       .....     Rnd*Tele +   (no boots)
Stlth    +.........             (no amulet)
HPRegen  0.14/turn              j - ring of see invisible
MPRegen  0.09/turn              i - ring of teleportation (curse)

@: no status effects
A: antennae 1, sturdy frame 1
a: no special abilities


You were on level 4 of the Dungeon.
You were not hungry.

You visited 1 branch of the dungeon, and saw 4 of its levels.

You collected 141 gold pieces.

Inventory:

Hand Weapons
 a - a +0 flail (weapon)
Missiles
 d - 2 throwing nets (quivered)
Armour
 b - a +0 leather armour
 c - a +0 helmet
 h - a +0 ring mail (worn)
Jewellery
 i - a cursed ring of teleportation (right hand)
 j - a ring of see invisible (left hand)
 k - a +2 amulet of reflection {unknown}
 n - an uncursed ring of positive energy {unknown}
Scrolls
 e - 2 scrolls of blinking
 g - 4 scrolls of identify
 l - 2 scrolls of teleportation {unknown}
 r - a scroll of remove curse {unknown}
 t - a scroll of amnesia {unknown}
Potions
 m - a potion of ambrosia {unknown}
 o - a potion of degeneration {unknown}
 p - a potion of haste {unknown}
 q - 2 potions of curing {unknown}
 s - a potion of brilliance {unknown}
Comestibles
 f - 2 rations
 u - a chunk of flesh


   Skills:
 - Level 5.0 Fighting
 - Level 2.6 Maces & Flails
 - Level 1.7 Throwing
 + Level 3.7 Dodging


You had 4 spell levels left.
You didn't know any spells.
Your spell library was empty.

Dungeon Overview and Level Annotations

Branches:
Dungeon (4/15)
 Temple: D:4-7

Altars:
Ashenzari
Makhleb
Qazlal


Innate Abilities, Weirdness & Mutations

You have a pair of small antennae on your head.
Your movements are slightly less encumbered by armour. (ER -2)


Message History

You hit the iguana.
The iguana is heavily wounded.
The iguana closely misses you.
You closely miss the iguana.
The iguana is heavily wounded.
The iguana bites you but does no damage.
You completely miss the iguana.
The iguana is heavily wounded.
The iguana barely misses you. The iguana misses you.
You barely miss the iguana.
The iguana is heavily wounded.
The iguana closely misses you.
You hit the iguana but do no damage.
The iguana is heavily wounded.
The iguana bites you.
* * * LOW HITPOINT WARNING * * *
You hit the iguana but do no damage.
The iguana is heavily wounded.
The iguana bites you!
You die...

#### #####
##...##.<.####
##............#
#..........>..#
##....[........#
.....>.........#
#............###
............##
#...###@#######
......l........
#..............
#>............#
##.#..........#
.............##
##...........#
#...........#
.....(......#


You could see an iguana.

Vanquished Creatures
  2 hounds
  6 adders
  6 worms
  3 leopard geckos
  6 orcs
  7 goblins
  A hobgoblin (D:1)
  5 jackals
  6 kobolds
  A quokka (D:3)
  3 bats
  2 frilled lizards
  10 rats
58 creatures vanquished.

Notes
Turn   | Place    | Note
-------+----------+-------------------------------------------
     0 | D:1      | DocClef the Demonspawn Gladiator began the quest for the
                  | Orb.
     0 | D:1      | Reached XP level 1. HP: 16/16 MP: 1/1
   356 | D:1      | Gained mutation: You have a pair of small antennae on your
                  | head. [demonic ancestry]
   356 | D:1      | Reached XP level 2. HP: 19/23 MP: 2/2
   598 | D:1      | Reached skill level 3 in Fighting
   599 | D:1      | You fall into a shaft and drop 1 floor!
   642 | D:2      | Found a burning altar of Makhleb.
   766 | D:2      | Reached XP level 3. HP: 14/30 MP: 3/3
   956 | D:2      | Found a stormy altar of Qazlal.
  1110 | D:2      | Reached skill level 4 in Fighting
  1422 | D:2      | Reached XP level 4. HP: 32/38 MP: 4/4
  1805 | D:3      | Found a shattered altar of Ashenzari.
  1994 | D:3      | Reached skill level 5 in Fighting
  2480 | D:3      | Gained mutation: Your movements are slightly less
                  | encumbered by armour. (ER -2) [demonic ancestry]
  2480 | D:3      | Reached XP level 5. HP: 39/44 MP: 5/5
  3012 | D:4      | Slain by an iguana

Levels and vault maps discovered:
D:1:      wander_arrival_abandoned_jail, layout_rooms, serial_corexii_hall,
          chequers_hall_statues_wall_a, corexii_hall_statues_l,
          minmay_misc_feat_tower
D:2:      layout_basic, lemuel_doored_altar, lemuel_round_altar,
          minmay_mini_jars
D:3:      layout_loops_ring, ashenzari_conservatory_becter
D:4:      layout_rooms, vehumet_crystals, first_ration, uniq_eustachio

Skill      XL: |  1  2  3  4 |
---------------+-------------+-----
Fighting       | 3 4 5 |  5.0
Dodging        | 3 |  3.7
Maces & Flails | |  2.6
Throwing       | |  1.7

Action                   |  1- 3 |  4- 6 || total
-------------------------+-------+-------++-------
Melee: Flail             |   105 |   130 ||   235
Throw: Throwing net      |     1 |     2 ||     3
  Use: Scroll            |     1 |       ||     1
 Stab: Sleeping          |     1 |       ||     1
       Held in net/web   |     1 |       ||     1
  Eat: Chunk             |       |     7 ||     7
Armor: Leather armour    |    11 |       ||    11
       Ring mail         |    28 |    48 ||    76
Dodge: Dodged            |    77 |   122 ||   199

Table legend:
 A = Non-vault XP
 B = Vault XP
 C = Vault XP percentage of total XP
 D = Non-vault monster count
 E = Vault monster count
 F = Vault count percentage of total count
                 A         B        C        D         E       F
            +---------+---------+-------+---------+---------+-------
      Total |     235 |      39 |  14.2 |      48 |      10 |  17.2
            +---------+---------+-------+---------+---------+-------
        D:1 |      19 |       0 |   0.0 |      14 |       0 |   0.0
        D:2 |      43 |      39 |  47.6 |       9 |      10 |  52.6
        D:3 |     118 |       0 |   0.0 |      23 |       0 |   0.0
        D:4 |      55 |       0 |   0.0 |       2 |       0 |   0.0
            +---------+---------+-------+---------+---------+-------
